 Dungeon Crawl Stone Soup version 0.31-a0-981-geadf994542 (webtiles) character file.

Game seed: 5650099947430452836

727 Whiskey the Changeling (level 7, 0/49 HPs)
             Began as an Octopode Shapeshifter on Nov 2, 2023.
             Slain by an ice beast (13 damage)
             ... on level 5 of the Dungeon.
             The game lasted 00:08:33 (3756 turns).

Whiskey the Changeling (Octopode Shapeshifter)      Turns: 3756, Time: 00:08:34

Health: 0/49       AC:  1    Str: 14    XL:     7   Next: 72%
Magic:  7/7        EV: 13    Int: 14    God:
Gold:   177        SH:  0    Dex: 11    Spells: 6/6 levels left

rFire   . . .        A - +1 dagger (venom)
rCold   . . .        (no shield)
rNeg    . . .        (helmet currently unavailable)
rPois   .            (no amulet)
rElec   .            (no ring)
rCorr   .            (no ring)
SInv    .            (no ring)
Will    .....        (no ring)
Stlth   ++           (no ring)
HPRegen 0.28/turn    (no ring)
MPRegen 0.10/turn    (no ring)
                     (no ring)

%: no passive effects
@: beast-form
A: beast (slay +3), almost no armour, amphibious, 8 rings, camouflage 1,
gelatinous body 1, (nimble swimmer 1), tentacles
a: Begin Untransformation


You were on level 5 of the Dungeon.
You were a hulking beast.
You visited 1 branch of the dungeon, and saw 5 of its levels.

You collected 213 gold pieces.
You spent 36 gold pieces at shops.

Inventory:

Hand Weapons
 p - a +0 dagger of venom
   (You took it off a goblin on level 3 of the Dungeon)
 v - a +1 hand axe of venom
   (You found it on level 3 of the Dungeon)
 A - a +1 dagger of venom (weapon)
   (You found it on level 4 of the Dungeon)
Missiles
 e - 2 atropa-tipped darts (quivered)
 h - 10 javelins
 r - 9 poisoned darts
 B - a throwing net {=f, !d}
Magical Staves
 k - a staff of earth
   (You found it on level 1 of the Dungeon)
 m - a staff of cold {rC+}
   (You found it on level 2 of the Dungeon)
Jewellery
 i - a ring of ice {rC+, rF-}
   (You found it on level 1 of the Dungeon)
Talismans
 b - a beast talisman
 c - a flux talisman
Wands
 o - a wand of paralysis (7)
   (You found it on level 2 of the Dungeon)
 y - a wand of roots (7)
   (You found it on level 4 of the Dungeon)
Scrolls
 f - 3 scrolls of noise {unknown}
 g - 2 scrolls of blinking {unknown}
 j - a scroll of poison {unknown}
 l - 2 scrolls of silence {unknown}
 n - 3 scrolls of identify {unknown}
 t - a scroll of revelation {unknown}
 w - a scroll of teleportation {unknown}
 x - a scroll of amnesia {unknown}
 z - a scroll of fear {unknown}
Potions
 a - a potion of enlightenment {unknown}
 q - a potion of degeneration {unknown}
 u - a potion of mutation {unknown}


   Skills:
 + Level 4.7 Fighting
 - Level 2.0 Dodging
 - Level 3.0 Unarmed Combat
 * Level 6.8 Shapeshifting


You had 6 spell levels left.
You didn't know any spells.
Your spell library contained the following spells:

 Spells                   Type           Power      Damage    Failure   Level
 Shock                    Conj/Air       0%         1d3       28%         1
 Swiftness                Air            0%         N/A       65%         3
 Tukima's Dance           Hex            0%         N/A       65%         3
 Airstrike                Air            0%         2d(0-16)  96%         4
 Passage of Golubria      Tloc           0%         N/A       96%         4
 Yara's Violent Unravell  Hex/Tmut       0%         3d3       100%        5


Dungeon Overview and Level Annotations

Branches:
Dungeon (5/15)
 Temple: D:4-7

Altars:
Ashenzari
Dithmenos
Fedhas
Hepliaklqana
Qazlal
The Shining One

Shops:
D:3 [(!


Innate Abilities, Weirdness & Mutations

You are a hulking beast.
Your limbs bulge with bestial killing power. (Slay +3)
You cannot wear most types of armour.
You are amphibious.
You can wear up to eight rings at the same time.
Your skin changes colour to match your surroundings (Stealth+).
Your rubbery body absorbs attacks. (AC +1, EV +1)
((You are camouflaged when in or above water. (Stealth+)))
You have tentacles for arms and can constrict up to eight enemies at once.


Message History

You squeeze Eustachio. Eustachio hits you with a +0 rapier!
You take 7 damage, and have 19/49 hp.
You hit Eustachio. You grab Eustachio. You constrict Eustachio.
Eustachio misses you.
You hit Eustachio. You constrict Eustachio.
Eustachio hits you with a +0 rapier.
* * * LOW HITPOINT WARNING * * *
You take 5 damage, and have 14/49 hp.
You puncture Eustachio!
Eustachio looks as sick as possible!
You constrict Eustachio. Eustachio hits you with a +0 rapier!
* * * LOW HITPOINT WARNING * * *
You take 9 damage, and have 5/49 hp.
You feel much better.
You constrict Eustachio.
You kill Eustachio!
The crimson imp disappears in a puff of smoke!
The iron imp disappears in a puff of smoke!
You regained 29 hp, and now have 34/49 hp.
Items here: )))) [[[ †.
You start resting.
Health restored: 49
Items here: )) [[ †.
You now have 171 gold pieces (gained 6).
Found a stone staircase leading down.
r - 9 poisoned darts (gained 2)
There is a stone staircase leading down here.
You now have 177 gold pieces (gained 6).
There is a stone staircase leading down here.
Found a stone staircase leading up.
You see here 3 stones.
You open the door.
Found a hazy altar of Hepliaklqana.
There is an open door here.
There is a hazy altar of Hepliaklqana here.
There is an open door here.
A white imp comes into view.
The white imp shouts!
The white imp gestures at you. The puff of frost hits you!
You take 7 damage, and have 42/49 hp.
An ice beast comes into view.
The white imp gestures at you. The puff of frost hits you!
The white imp picks up a beetle and eats it.
The white imp gestures at you. The puff of frost misses you.
You take 7 damage, and have 35/49 hp.
You hit the white imp. Your grab misses the white imp.
An orc comes into view. It is wielding a +0 rapier.
The white imp barely misses you.
You barely miss the white imp.
The orc shouts!
Your grab misses the white imp. The white imp hits you.
The white imp freezes you.
You take 5 damage, and have 30/49 hp.
You completely miss the white imp. You grab the white imp.
You constrict the white imp, but do no damage.
The white imp misses you. The ice beast barely misses you.
You hit the white imp. You constrict the white imp.
The white imp closely misses you. The ice beast closely misses you.
You completely miss the white imp. You tentacle-slap the white imp.
You squeeze the white imp.
You kill the white imp!
The orc barely misses you. The ice beast closely misses you.
You hit the ice beast. The orc hits you with a +0 rapier.
The ice beast completely misses you.
You take 4 damage, and have 27/49 hp.
You hit the ice beast. The orc hits you with a +0 rapier.
The ice beast hits you. The ice beast freezes you!
* * * LOW HITPOINT WARNING * * *
You are too injured to fight recklessly!
You take 20 damage, and have 7/49 hp.
MASSIVE DAMAGE!!
You are too injured to fight recklessly!
You are too injured to fight recklessly!
You are too injured to fight recklessly!
You are too injured to fight recklessly!
You are too injured to fight recklessly!
You are too injured to fight recklessly!
You are too injured to fight recklessly!
You are too injured to fight recklessly!
You are too injured to fight recklessly!
You are too injured to fight recklessly!
You are too injured to fight recklessly!
You are too injured to fight recklessly!
You feel much better. The orc hits you with a +0 rapier!
You regained 17 hp, and now have 25/49 hp.
You barely miss the orc. You grab the orc.
You constrict the orc, but do no damage.
You hit the orc. You squeeze the orc.
You kill the orc!
You hit the ice beast. You squeeze the ice beast. The ice beast misses you.
You barely miss the ice beast. The ice beast hits you.
The ice beast freezes you!
You take 9 damage, and have 17/49 hp.
You hit the ice beast.
You squeeze the ice beast, but do no damage.
The ice beast closely misses you.
You hit the ice beast. The ice beast hits you.
* * * LOW HITPOINT WARNING * * *
The ice beast freezes you!
You die...

#...# #≈≈≈♣...♣#. # #...#
##≈≈≈♣.♣##. ###.##...#####
#########. #.$..........#
#.....
.............#############
..........................
.#...........#############
#.######Y#+#....... #...
#h# ####### ###. #.# #.
#.# #. ... #. #.# ### ..#
#.. ### ### #.. #..


You could see an ice beast.

Vanquished Creatures
  Eustachio (D:5)
  A black bear (D:4)
  A centaur (D:5)
  A scorpion (D:2)
  A jelly (D:4)
  2 hounds
  A sleepcap (D:4)
  Terence (D:3)
  An iguana (D:4)
  4 gnolls (D:4)
  7 adders
  A white imp (D:5)
  A dart slug (D:2)
  9 orcs
  8 ball pythons
  10 endoplasms
  A giant cockroach (D:4)
  4 goblins
  2 hobgoblins
  2 jackals (D:1)
  7 kobolds
  4 quokkas
  5 bats
  6 frilled lizards
  8 rats
89 creatures vanquished.

Notes
Turn   | Place    | Note
-------+----------+-------------------------------------------
     0 | D:1      | Whiskey the Octopode Shapeshifter began the quest for the
                  | Orb.
     0 | D:1      | Reached XP level 1. HP: 13/13 MP: 1/1
   157 | D:1      | Reached XP level 2. HP: 13/18 MP: 2/2
   765 | D:2      | Reached XP level 3. HP: 22/24 MP: 3/3
   816 | D:2      | Reached skill level 2 in Fighting
  1162 | D:2      | Noticed a scorpion
  1170 | D:2      | Killed a scorpion
  1171 | D:2      | Reached skill level 4 in Shapeshifting
  1171 | D:2      | Reached XP level 4. HP: 11/30 MP: 4/4
  1173 | D:2      | HP: 11/45 [poisoned by a scorpion]
  1178 | D:2      | HP: 7/45 [poisoned by a scorpion]
  1573 | D:3      | Found a faded altar of an unknown god.
  1620 | D:3      | Found a stormy altar of Qazlal.
  1680 | D:3      | Found Nunienar's Armour Shop.
  1725 | D:3      | Reached XP level 5. HP: 33/35 MP: 5/5
  1790 | D:3      | Found Gadgh's Distillery.
  1797 | D:3      | Bought a potion of curing for 36 gold pieces
  1861 | D:3      | Found Axoggek's Weapon Emporium.
  1861 | D:3      | Noticed Terence
  1877 | D:3      | Killed Terence
  1878 | D:3      | Reached skill level 3 in Fighting
  2194 | D:4      | Noticed a black bear
  2201 | D:4      | Killed a black bear
  2202 | D:4      | Reached skill level 5 in Shapeshifting
  2202 | D:4      | Reached XP level 6. HP: 37/42 MP: 6/6
  2750 | D:4      | Found a broken altar of Ashenzari.
  2984 | D:4      | HP: 9/43 [gnoll/+0 spear (3)]
  3113 | D:4      | Reached skill level 4 in Fighting
  3172 | D:4      | Found a faded altar of an unknown god.
  3172 | D:4      | Found a faded altar of an unknown god.
  3179 | D:4      | Found a shadowy altar of Dithmenos.
  3181 | D:4      | Found a blossoming altar of Fedhas.
  3183 | D:4      | Found a glowing golden altar of the Shining One.
  3312 | D:4      | Reached skill level 6 in Shapeshifting
  3314 | D:4      | Reached XP level 7. HP: 39/48 MP: 7/7
  3405 | D:5      | Entered Level 5 of the Dungeon
  3472 | D:5      | Noticed Eustachio
  3480 | D:5      | HP: 8/48 [orc/+0 club (5)]
  3484 | D:5      | HP: 2/48 [orc/+0 flail (6)]
  3499 | D:5      | HP: 5/49 [Eustachio/+0 rapier (9)]
  3500 | D:5      | Killed Eustachio
  3703 | D:5      | Found a hazy altar of Hepliaklqana.
  3746 | D:5      | HP: 7/49 [ice beast (11)]
  3756 | D:5      | Slain by an ice beast

Illustrated notes

Levels and vault maps discovered:
D:1:      shiori_shiawase, layout_basic, chequers_serial_rivers_micro_c
D:2:      layout_loops_ring, minmay_split_cup_small
D:3:      layout_basic, mainiacjoe_overflow_boulevard, serial_shops,
          shop_statue, shop, nicolae_lakefront_shop,
          ebering_ecumenical_altar_webs, uniq_terence
D:4:      kb_forest_paths, layout_loops_ring, evilmike_ruin_ashenzari,
          chequers_temple_overflow_minitemple
D:5:      layout_basic, worldfamousw_hep_ancestral_shrine, uniq_eustachio,
          uniq_prince_ribbit1, uniq_crazy_yiuf_cottage

Skill      XL: |  1  2  3  4  5  6 |
---------------+-------------------+-----
Fighting       | 2 3 4 |  4.7
Shapeshifting  | 4 5 6 |  6.8
Dodging        | |  2.0
Unarmed Combat | |  3.0

Action                     |  1- 3 |  4- 6 |  7- 9 || total
---------------------------+-------+-------+-------++-------
  Melee: Unarmed           |    56 |    88 |       ||   144
         Constrict         |    18 |    27 |     9 ||    54
         Tentacles         |    10 |    26 |    11 ||    47
         Punch             |     2 |     4 |     2 ||     8
         Dagger            |       |    13 |    36 ||    49
  Throw: Javelin           |     2 |     3 |       ||     5
         Dart              |       |     5 |       ||     5
  Evoke: Wand              |     1 |     1 |       ||     2
    Use: Potion            |       |     1 |     4 ||     5
   Stab: Sleeping          |     4 |     8 |       ||    12
         Paralysed         |       |     1 |       ||     1
 Armour: Skin              |    27 |    36 |    30 ||    93
  Dodge: Dodged            |    32 |    55 |    27 ||   114

Table legend: (Time is in decaauts)
 A = Elapsed time spent in this place.
 B = Non-inter-level travel time spent in this place.
 C = Inter-level travel time spent in this place.
 D = Time resting spent in this place.
 E = Time spent auto-exploring this place.
 F = Levels seen in this place.
 G = Mean time per level.
                   A        B        C        D        E       F      G
               +--------+--------+--------+--------+--------+-----+--------+
         Total |   3750 |   3621 |    129 |    304 |   2786 |   5 |  750.0 |
       Dungeon |   3750 |   3621 |    129 |    304 |   2786 |   5 |  750.0 |
               +--------+--------+--------+--------+--------+-----+--------+

Top non-repeatable levels by time:
     D:4: 1180 daAuts
     D:2: 870 daAuts
     D:1: 681 daAuts
     D:3: 667 daAuts
     D:5: 350 daAuts

Levels and vault maps discovered:
D:1:      shiori_shiawase, layout_basic, chequers_serial_rivers_micro_c
D:2:      layout_loops_ring, minmay_split_cup_small
D:3:      layout_basic, mainiacjoe_overflow_boulevard, serial_shops,
          shop_statue, shop, nicolae_lakefront_shop,
          ebering_ecumenical_altar_webs, uniq_terence
D:4:      kb_forest_paths, layout_loops_ring, evilmike_ruin_ashenzari,
          chequers_temple_overflow_minitemple
D:5:      layout_basic, worldfamousw_hep_ancestral_shrine, uniq_eustachio,
          uniq_prince_ribbit1, uniq_crazy_yiuf_cottage

Table legend: (Time is in decaauts)
 A = Elapsed time spent in this place.
 B = Non-inter-level travel time spent in this place.
 C = Inter-level travel time spent in this place.
 D = Time resting spent in this place.
 E = Time spent auto-exploring this place.
 F = Levels seen in this place.
 G = Mean time per level.
                   A        B        C        D        E       F      G
               +--------+--------+--------+--------+--------+-----+--------+
         Total |   3750 |   3621 |    129 |    304 |   2786 |   5 |  750.0 |
       Dungeon |   3750 |   3621 |    129 |    304 |   2786 |   5 |  750.0 |
               +--------+--------+--------+--------+--------+-----+--------+

Top non-repeatable levels by time:
     D:4: 1180 daAuts
     D:2: 870 daAuts
     D:1: 681 daAuts
     D:3: 667 daAuts
     D:5: 350 daAuts

Table legend:
 A = Kills in this place as a percentage of kills in the entire game.
 B = Kills by you in this place as a percentage of kills by you in the entire game.
 C = Kills by friends in this place as a percentage of kills by friends in the entire game.
 D = Other kills in this place as a percentage of other kills in the entire game.
 E = Experience gained in this place as a percentage of experience gained in the entire game.
 F = Experience gained in this place divided by the number of levels of this place that you have seen.
                   A       B       C       D       E      F
               +-------+-------+-------+-------+-------+----------------------
         Total | 100.0 | 100.0 |   N/A |   N/A | 100.0 | 207.8
       Dungeon | 100.0 | 100.0 |   N/A |   N/A | 100.0 | 207.8
               +-------+-------+-------+-------+-------+----------------------
